 Dungeon Crawl Stone Soup version 0.31-a0-986-g5e6e4ef867 (webtiles) character file.

Game seed: 10102280019665479694

791 LeprechaunX the Changeling (level 7, -1/47 HPs)
             Began as an Octopode Shapeshifter on Nov 6, 2023.
             Was a Follower of Lugonu.
             Slain by an orc wizard
             ... wielding a +0 dagger
              (3 damage)
             ... on level 4 of the Dungeon.
             The game lasted 00:04:22 (2858 turns).

LeprechaunX the Changeling (Octopode Shapeshifter)  Turns: 2858, Time: 00:04:23

Health: -1/47      AC:  1    Str: 13    XL:     7   Next: 88%
Magic:  8/8        EV: 13    Int: 12    God:    Lugonu [*.....]
Gold:   72         SH:  0    Dex: 14    Spells: 6/6 levels left

rFire   . .          .
                       - Unarmed
rCold   . . .        (no shield)
rNeg    . . .        (helmet currently unavailable)
rPois   .            (no amulet)
rElec   .            (no ring)
rCorr   .            (no ring)
SInv    .            (no ring)
Will    .....        (no ring)
Stlth   ++           (no ring)
HPRegen 0.27/turn    (no ring)
MPRegen 0.11/turn    (no ring)
                     (no ring)

%: no passive effects
@: beast-form
A: beast (slay +3), almost no armour, amphibious, 8 rings, camouflage 1,
gelatinous body 1, (nimble swimmer 1), tentacles
a: Begin Untransformation, Renounce Religion, Depart the Abyss


You were on level 4 of the Dungeon.
You worshipped Lugonu.
Lugonu was aware of your devotion.
You were a hulking beast.
You visited 1 branch of the dungeon, and saw 4 of its levels.

You collected 72 gold pieces.

Inventory:

Hand Weapons
 s - a +0 sling
Missiles
 h - 5 boomerangs
 l - 6 curare-tipped darts (quivered)
Talismans
 b - a beast talisman
 c - a flux talisman
 v - a storm talisman
Wands
 a - a wand of flame (6)
Scrolls
 e - 3 scrolls of identify {unknown}
 g - a scroll of enchant armour {unknown}
 i - a scroll of revelation {unknown}
 n - 2 scrolls of teleportation {unknown}
 o - 5 scrolls of fog {unknown}
 p - a scroll of blinking {unknown}
 q - a scroll of poison {unknown}
 r - a scroll of amnesia {unknown}
 t - a scroll of enchant weapon {unknown}
Potions
 d - a potion of brilliance {unknown}
 f - a potion of attraction {unknown}
 j - a potion of magic {unknown}
 k - a potion of enlightenment {unknown}
 m - a potion of resistance {unknown}
 u - 2 potions of invisibility {unknown}


   Skills:
 + Level 3.6 Fighting
 - Level 3.0 Throwing
 - Level 2.0 Dodging
 + Level 4.6 Unarmed Combat
 + Level 1.7 Invocations
 + Level 1.6 Evocations
 * Level 5.6 Shapeshifting


You had 6 spell levels left.
You didn't know any spells.
Your spell library contained the following spells:

 Spells                   Type           Power      Damage    Failure   Level
 Summon Small Mammal      Summ           0%         N/A       32%         1
 Call Canine Familiar     Summ           0%         N/A       69%         3
 Summon Guardian Golem    Hex/Summ       0%         N/A       69%         3
 Orb of Destruction       Conj           0%         9d5       100%        7
 Spellforged Servitor     Conj/Summ      0%         N/A       100%        7


Dungeon Overview and Level Annotations

Branches:
Dungeon (4/15)
 Temple: D:4-7

Altars:
Lugonu


Innate Abilities, Weirdness & Mutations

You are a hulking beast.
Your limbs bulge with bestial killing power. (Slay +3)
You cannot wear most types of armour.
You are amphibious.
You can wear up to eight rings at the same time.
Your skin changes colour to match your surroundings (Stealth+).
Your rubbery body absorbs attacks. (AC +1, EV +1)
((You are camouflaged when in or above water. (Stealth+)))
You have tentacles for arms and can constrict up to eight enemies at once.


Message History

You tentacle-slap the orc.
You kill the orc!
Lugonu accepts your kill. Something hits you.
You tentacle-slap the giant cockroach.
You kill the giant cockroach!
Lugonu accepts your kill.
You hear some strange, mumbled words.
A puff of flame appears from out of thin air!
The puff of flame hits you!
No target in view!
No target in view!
No target in view!
You tentacle-slap something. Something hits you.
You closely miss something. Something hits you.
You miss something. Something hits you.
You bludgeon something! Something hits you.
You miss something. Something hits you.
An endoplasm comes into view.
You miss something.
The endoplasm quivers.
Your squeeze misses something.
You hear some strange, mumbled words.
A puff of flame appears from out of thin air!
The puff of flame misses you.
You closely miss something. Your squeeze misses something. You miss something.
Something hits you.
You tentacle-slap something.
Your tentacle-slap misses something.
Your squeeze misses something. Something hits you.
You miss something. Something hits you.
* * * LOW HITPOINT WARNING * * *
You barely miss something. Something hits you.
* * * LOW HITPOINT WARNING * * *
You tentacle-slap something.
You hear some strange, mumbled words.
A puff of flame appears from out of thin air!
The puff of flame hits you!
* * * LOW HITPOINT WARNING * * *
You miss something. Something hits you.
You die...

.. .. #.# ##.###.#
....##.# #..##.#########
.............#
..####.##.#.#.#.#.#.#.#.
#......#.....†..h)......
#.....#.#.#.#{#.#.#.
###.##.........J..
##...###.#.#.#.#.#.#
#..#..##.............
#.##.##...#.#.#.#.#.#.#
. #.⌠.#...######.#......
#.##.##..## ....####
##..#..###


You could see an endoplasm.

Vanquished Creatures
  Grinder (D:3)
  Sigmund (D:3)
  A scorpion (D:4)
  2 hounds
  A jelly (D:4)
  Crazy Yiuf (D:3)
  3 orc priests
  Ijyb (D:3)
  An orc wizard (D:4)
  Robin (D:2)
  3 adders
  2 worms
  A dart slug (D:1)
  8 orcs
  2 ball pythons (D:3)
  4 bats
  7 endoplasms
  2 giant cockroaches
  12 goblins
  6 hobgoblins
  9 kobolds
  3 quokkas
  7 rats
79 creatures vanquished.

Notes
Turn   | Place    | Note
-------+----------+-------------------------------------------
     0 | D:1      | LeprechaunX the Octopode Shapeshifter began the quest for
                  | the Orb.
     0 | D:1      | Reached XP level 1. HP: 13/13 MP: 1/1
   160 | D:1      | Reached XP level 2. HP: 18/18 MP: 2/2
   730 | D:2      | Reached XP level 3. HP: 11/23 MP: 3/3
   855 | D:2      | Noticed Robin
   883 | D:2      | Killed Robin
   884 | D:2      | Reached skill level 1 in Throwing
   884 | D:2      | Reached XP level 4. HP: 7/29 MP: 4/4
  1434 | D:3      | Reached skill level 4 in Shapeshifting
  1499 | D:3      | Reached XP level 5. HP: 32/34 MP: 5/5
  1619 | D:3      | Found a faded altar of an unknown god.
  1621 | D:3      | Noticed Ijyb
  1623 | D:3      | Noticed Grinder
  1644 | D:3      | Killed Ijyb
  1645 | D:3      | HP: 1/52 [Grinder (3)]
  1650 | D:3      | Killed Grinder
  1651 | D:3      | Reached XP level 6. HP: 2/42 MP: 6/6
  1808 | D:3      | Prayed at the altar of an unknown god.
  1808 | D:3      | Became a worshipper of Lugonu the Unformed
  1808 | D:3      | Reached * piety under Lugonu
  1900 | D:3      | Reached skill level 5 in Shapeshifting
  2023 | D:3      | Found a runed translucent door.
  2024 | D:3      | Noticed Crazy Yiuf
  2026 | D:3      | Noticed Sigmund
  2496 | D:3      | Killed Crazy Yiuf
  2497 | D:3      | Reached XP level 7. HP: 46/46 MP: 7/7
  2513 | D:3      | Killed Sigmund
  2514 | D:3      | Reached skill level 1 in Invocations
  2514 | D:3      | Reached skill level 1 in Evocations
  2857 | D:4      | HP: 2/47 [something/puff of flame (8)]
  2858 | D:4      | Slain by an orc wizard

Illustrated notes

Levels and vault maps discovered:
D:1:      lemuel_arrival_muddy, layout_loops_ring,
          nicolae_kite_square_tiling_tiny
D:2:      layout_rooms, uniq_robin
D:3:      layout_basic, ebering_ecumenical_altar_petrified, minmay_misc_feat_x,
          roderic_malta_cross, uniq_crazy_yiuf_cottage, uniq_sigmund, uniq_ijyb,
          uniq_grinder
D:4:      layout_loops_ring, grunt_decor_one_mirror, grunt_ministairs_2,
          st_stairs_12, amcnicky_mini_pool_small

Skill      XL: |  1  2  3  4  5  6  7 |
---------------+----------------------+-----
Throwing       | 1 2 3 |  3.0
Fighting       | 2 3 |  3.6
Shapeshifting  | 4 5 |  5.6
Unarmed Combat | 4 |  4.6
Invocations    | 1 |  1.7
Evocations     | 1 |  1.6
Dodging        | |  2.0

Action                     |  1- 3 |  4- 6 |  7- 9 || total
---------------------------+-------+-------+-------++-------
  Melee: Unarmed           |    58 |    80 |    43 ||   181
         Constrict         |    14 |    14 |     6 ||    34
         Tentacles         |     6 |     5 |     8 ||    19
         Punch             |       |     3 |       ||     3
  Throw: Boomerang         |       |     3 |       ||     3
         Dart              |       |     1 |     3 ||     4
    Use: Potion            |     1 |     1 |       ||     2
   Stab: Sleeping          |     6 |     6 |     2 ||    14
 Armour: Skin              |    34 |    62 |    23 ||   119
  Dodge: Dodged            |    29 |    27 |    11 ||    67

Table legend: (Time is in decaauts)
 A = Elapsed time spent in this place.
 B = Non-inter-level travel time spent in this place.
 C = Inter-level travel time spent in this place.
 D = Time resting spent in this place.
 E = Time spent auto-exploring this place.
 F = Levels seen in this place.
 G = Mean time per level.
                   A        B        C        D        E       F      G
               +--------+--------+--------+--------+--------+-----+--------+
         Total |   2844 |   2769 |     75 |    347 |   1930 |   4 |  711.0 |
       Dungeon |   2844 |   2769 |     75 |    347 |   1930 |   4 |  711.0 |
               +--------+--------+--------+--------+--------+-----+--------+

Top non-repeatable levels by time:
     D:3: 1212 daAuts
     D:2: 732 daAuts
     D:1: 671 daAuts
     D:4: 227 daAuts
